AoeStats
← Potatoe4

Arena

505061183Analyzed
2v2 RM · 23d ago on Sep 7, 2026· 51m 8s· 4 players
Game mode
Random Map
Map size
Medium (4 player)
Population
200
Speed
Normal
Resources
Standard
Victory
Conquest
Starting age
Dark Age
Ending age
Imperial Age
RankedLock teamsTeams togetherTeam positionsShared explorationLock speedFull tech treeHidden civsTurbo modeCheats
Victory
Defeat
🇹🇷 Bohemians · Türkiye
1132
+15
🇹🇷 Persians · Türkiye
1078
+17
🇺🇸 Maya · United States
1187
-19
🇺🇸 Celts · United States
1020
-13
Potatoe4
9:17 Loom
11:06 Feudal Age
12:17 Double-Bit Axe
15:33 Castle Age
17:48 Bow Saw
18:30 Stone Mining
18:46 Horse Collar
22:11 Wheelbarrow
21:32 Gold Mining
21:23 Pikeman
25:01 Heavy Plow
31:28 Imperial Age
29:28 Hand Cart
30:36 Scale Mail Armor
30:47 Forging
32:51 Gold Shaft Mining
32:06 Elite Woad Raider
32:43 Capped Ram
34:31 Siege Ram
36:19 Onager
36:28 Onager
38:42 Furor Celtica
39:11 Scale Barding Armor
39:42 Iron Casting
38:32 Cavalier
39:38 Husbandry
43:41 Chain Barding Armor
44:22 Blast Furnace
42:55 Paladin
Apoptosis
0:37 Loom
11:05 Feudal Age
15:01 Castle Age
13:07 Double-Bit Axe
14:01 Horse Collar
16:50 Bow Saw
22:04 Heavy Plow
23:38 Wheelbarrow
24:47 Hand Cart
26:40 Gold Mining
30:04 Imperial Age
27:47 Fletching
28:54 Bodkin Arrow
29:13 Padded Archer Armor
29:36 Scale Mail Armor
29:28 Eagle Warrior
30:12 Squires
30:36 Forging
31:07 Bracer
31:23 Leather Archer Armor
31:23 Chain Mail Armor
32:11 Ballistics
32:58 Holcans
33:16 Iron Casting
32:30 Elite Eagle Warrior
36:50 Two-Man Saw
37:55 Elite Plumed Archer
41:48 Conscription
BigBadBearD
7:25 Loom
11:21 Feudal Age
14:54 Castle Age
13:27 Double-Bit Axe
19:38 Fervor
22:58 Wheelbarrow
25:24 Hand Cart
29:54 Imperial Age
29:11 Chemistry
28:36 Town Watch
31:02 Conscription
30:06 Heavy Scorpion
30:13 Man-at-Arms
31:49 Wagenburg Tactics
32:50 Bow Saw
32:33 Horse Collar
33:18 Heavy Plow
34:18 Forging
33:59 Fletching
35:18 Two-Man Saw
34:31 Scale Mail Armor
35:25 Long Swordsman
36:07 Squires
37:23 Siege Engineers
37:39 Ballistics
36:48 Two-Handed Swordsman
37:14 Arson
37:25 Champion
40:02 Pikeman
42:10 Halberdier
42:51 Bodkin Arrow
42:59 Padded Archer Armor
43:35 Iron Casting
43:17 Chain Mail Armor
52:08 Blast Furnace
51:10 Bracer
mertcancagla
11:14 Feudal Age
15:53 Castle Age
16:15 Horse Collar
16:23 Double-Bit Axe
19:05 Heavy Plow
24:37 Wheelbarrow
24:34 Bow Saw
24:51 Loom
24:52 Town Watch
28:16 Crossbowman
32:00 Imperial Age
29:48 Hand Cart
29:54 Bloodlines
29:45 Husbandry
30:58 Kamandaran
31:23 Thumb Ring
33:28 Chemistry
32:51 Gold Mining
34:18 Two-Man Saw
33:17 Cavalier
35:23 Fletching
39:05 Padded Archer Armor
39:01 Bodkin Arrow
39:16 Forging
39:12 Scale Barding Armor
42:09 Leather Archer Armor
42:30 Iron Casting
42:18 Chain Barding Armor
42:38 Heavy Camel Rider
Connection lost

Rejoining the realm…

Still unreachable

The connection could not be restored.

Session expired

The server has moved on; the page needs a fresh start.